cohdb
Replays
Latest Replays
All Replays
Popular Replays
Top Player Replays
Match Explorer
How It Works
Community
CoH3 Stats
Reddit
Sign in to upload your games and track your stats! →
Sign in with Steam
Match 42026870
Unlisted
Match 42026870
Overview
Messages
Build Orders
End
Construct Infanterie Kompanie
Selects Terror Battlegroup
Selects Machine Gun Camouflage
MG 42 Machine Gun Team
Grenadier Squad
Grenadier Squad
GrW 34 Mortar Team
Construct Panzergrenadier Kompanie
251 Medium Carrier
Pak 40 Anti-tank Gun Team
Medical Bunker
Construct Panzer Kompanie
Stoßtruppen Squad
Selects Defend the Fatherland
Stoßtruppen Squad
Defend the Fatherland
Panzer Officer Quarters
Pioneer Squad
Selects King Tiger Heavy Tank
King Tiger Heavy Tank
Selects Contempt for the Weak
Panzer IV Medium Tank
Selects Jericho Trumpet
Jericho Trumpet
Pioneer Squad
Pioneer Squad
Selects V1 Rocket Strike
V1 Rocket Strike
Stoßtruppen Squad
Panzer IV Medium Tank
V1 Rocket Strike
V1 Rocket Strike
Stoßtruppen Squad
V1 Rocket Strike
Stoßtruppen Squad
Pioneer Squad
V1 Rocket Strike
Stoßtruppen Squad
King Tiger Heavy Tank
Stoßtruppen Squad
V1 Rocket Strike
Jericho Trumpet
kerem
sunsetistaken
[Ⓥ] Haisen
Skwalla
Radiano
Tamplar_kaz
0
0
Comments
sign in to comment!
No comments posted yet!